 Dungeon Crawl Stone Soup version 0.31-a0-38-g1548c4f2a5 (webtiles) character file.

Game seed: 1209819504193250835

0 porpoise the Sneak (level 1, 0/10 HPs)
             Began as a Kobold Enchanter on May 17, 2023.
             Slain by a kobold
             ... wielding a +0 dagger
              (4 damage)
             ... on level 1 of the Dungeon.
             The game lasted 00:00:44 (58 turns).

porpoise the Sneak (Kobold Enchanter)                 Turns: 58, Time: 00:00:45

Health: 0/10       AC:  2    Str:  5    XL:     1   Next: 11%
Magic:  3/3        EV: 15    Int: 16    God:
Gold:   0          SH:  0    Dex: 15    Spells: 4/4 levels left

rFire   . . .        a - +1 dagger
rCold   . . .        (no shield)
rNeg    . . .        b - +0 robe
rPois   .            (no helmet)
rElec   .            (no cloak)
rCorr   .            (no gloves)
SInv    .            (no boots)
Will    .....        (no amulet)
Stlth   ++++         (no ring)
HPRegen 0.21/turn    (no ring)
MPRegen 0.08/turn

%: no passive effects
@: no status effects
A: small, no large weapons, nightstalker 3
a: no special abilities


You were on level 1 of the Dungeon.
You visited 1 branch of the dungeon, and saw 1 of its levels.

Inventory:

Hand Weapons
 a - a +1 dagger (weapon)
Armour
 b - a +0 robe (worn)
Potions
 c - 2 potions of invisibility


   Skills:
 + Level 0.0 Fighting
 - Level 1.3 Short Blades
 - Level 2.4 Dodging
 + Level 4.0 Stealth
 * Level 2.2 Spellcasting
 * Level 3.0 Hexes


You had 4 spell levels left.
You didn't know any spells.
Your spell library contained the following spells:

 Spells                   Type           Power      Damage    Failure   Level
 Ensorcelled Hibernation  Hex/Ice        12%        N/A       17%         2
 Confusing Touch          Hex            11%        N/A       19%         3
 Tukima's Dance           Hex            11%        N/A       19%         3
 Dazzling Flash           Conj/Hex       12%        N/A       32%         3


Dungeon Overview and Level Annotations

Branches:
Dungeon (1/15)

Altars:


Innate Abilities, Weirdness & Mutations

You are small and have problems with some larger weapons.
You are completely attuned to the shadows.


Message History

You enter the shallow water.
Moving in this stuff is going to be slow.
You enter the shallow water.
Moving in this stuff is going to be slow.
You enter the shallow water.
Moving in this stuff is going to be slow.
Found 8 stones.
A frilled lizard comes into view.
Found a cyan potion.
A kobold comes into view. It is wielding a +2 dagger of freezing.
The kobold shouts!
You hit the frilled lizard.
You kill the frilled lizard!
The kobold throws a stone.
The stone misses you.
A kobold comes into view. It is wielding a +0 dagger.
A goblin comes into view. It is wielding a +0 dagger.
You see here a frilled lizard corpse.
The kobold shouts!
You hit the kobold.
The kobold is moderately wounded.
The kobold throws a stone.
The stone misses you. The kobold closely misses you.
You hit the kobold but do no damage.
The kobold is moderately wounded.
The kobold hits you with a +2 dagger of freezing.
The kobold freezes you.
You hit the kobold but do no damage.
The kobold throws a stone.
The stone completely misses you.
The kobold hits you with a +2 dagger of freezing.
The kobold freezes you.
You are too injured to fight recklessly!
You are too injured to fight recklessly!
You are too injured to fight recklessly!
You are too injured to fight recklessly!
You are too injured to fight recklessly!
You hit the kobold but do no damage. The goblin completely misses you.
The kobold misses you.
You closely miss the kobold. The goblin closely misses you.
The kobold closely misses you. The kobold misses you.
You barely miss the kobold. The kobold hits you with a +0 dagger.
You die...

§..≈≈≈≈≈# ≈..≈≈≈≈≈#
........# #''######
~..~~~~~# ~#######
.......~#.~..(...####
######.~#.~.........#
.......~#.~......!...
~..~~~~~#8~.....@K...
#''######.~.....gK...
....8..8..~..........
~..~~~~~~~~..........
..........#######....
#########.# #.# .


You could see a goblin and 2 kobolds.

Vanquished Creatures
  A frilled lizard (D:1)
1 creature vanquished.

Notes
Turn   | Place    | Note
-------+----------+-------------------------------------------
     0 | D:1      | porpoise the Kobold Enchanter began the quest for the Orb.
     0 | D:1      | Reached XP level 1. HP: 10/10 MP: 3/3
    58 | D:1      | Slain by a kobold

Illustrated notes

Levels and vault maps discovered:
D:1:      lightli_arrival_isolated_outpost, layout_basic,
          dilly_ecumenical_altar_fadedgnrine

Action                     || total
---------------------------++-------
  Melee: Dagger            ||     7
  Dodge: Dodged            ||     9

Table legend: (Time is in decaauts)
 A = Elapsed time spent in this place.
 B = Non-inter-level travel time spent in this place.
 C = Inter-level travel time spent in this place.
 D = Time resting spent in this place.
 E = Time spent auto-exploring this place.
 F = Levels seen in this place.
 G = Mean time per level.
                   A        B        C        D        E       F      G
               +--------+--------+--------+--------+--------+-----+--------+
         Total |     59 |     59 |      0 |      0 |     48 |   1 |   59.0 |
       Dungeon |     59 |     59 |      0 |      0 |     48 |   1 |   59.0 |
               +--------+--------+--------+--------+--------+-----+--------+

Top non-repeatable levels by time:
     D:1: 59 daAuts
